AoeStats
← Governor

Arabia

510328505Analyzed
1v1 RM · 16h ago on Sep 30, 2026· 56m 57s· 2 players
Game mode
Random Map
Map size
Tiny (2 player)
Population
200
Speed
Normal
Resources
Standard
Victory
Conquest
Starting age
Dark Age
Ending age
Imperial Age
RankedLock teamsTeams togetherTeam positionsShared explorationLock speedFull tech treeHidden civsTurbo modeCheats
Victory
Defeat
🇨🇳 Vikings · China
308
+11
🇬🇧 Franks · United Kingdom
204
-11
NeededOcean3932
2:15 Loom
6:47 Loom
10:56 Feudal Age
9:15 Loom
11:24 Double-Bit Axe
15:26 Town Watch
17:05 Scale Barding Armor
18:20 Forging
19:45 Wheelbarrow
21:31 Gold Mining
21:36 Fletching
21:49 Padded Archer Armor
25:47 Castle Age
27:15 Stone Mining
28:09 Bow Saw
28:37 Gold Shaft Mining
28:26 Chain Barding Armor
31:03 Hand Cart
35:09 Iron Casting
34:30 Bodkin Arrow
34:42 Elite Skirmisher
36:05 Leather Archer Armor
37:12 Husbandry
40:17 Scale Mail Armor
44:28 Imperial Age
44:35 Imperial Age
43:24 Ordonnance Companies
46:02 Plate Barding Armor
46:28 Blast Furnace
47:38 Chivalry
48:20 Cavalier
49:23 Paladin
54:52 Elite Throwing Axeman
56:33 Hoardings
Governor
5:58 Loom
10:22 Feudal Age
10:45 Horse Collar
10:53 Double-Bit Axe
21:57 Gold Mining
21:58 Stone Mining
26:07 Castle Age
24:33 Arson
28:21 Gold Shaft Mining
27:28 Pikeman
28:09 Squires
27:31 Crossbowman
31:12 Forging
31:04 Scale Mail Armor
31:49 Bow Saw
34:22 Fletching
35:12 Iron Casting
34:53 Chain Mail Armor
39:01 Padded Archer Armor
38:56 Bodkin Arrow
39:07 Scale Barding Armor
39:25 Heavy Plow
39:40 Chieftains
40:47 Atonement
41:57 Ballistics
42:01 Masonry
45:37 Imperial Age
45:41 Leather Archer Armor
45:47 Chain Barding Armor
47:30 Blast Furnace
47:03 Plate Mail Armor
46:35 Bracer
47:52 Town Watch
47:39 Capped Ram
49:36 Elite Berserk
51:29 Siege Engineers
53:00 Ring Archer Armor
54:22 Siege Ram
Connection lost

Rejoining the realm…

Still unreachable

The connection could not be restored.

Session expired

The server has moved on; the page needs a fresh start.